 Dungeon Crawl Stone Soup version 0.30-a0-719-gcc4359ea44 (console) character file.

Game seed: 16017297917222545911

136 Banquo the Covered (level 5, -1/40 HPs)
             Began as a Djinni Fighter on Jan 26, 2023.
             Slain by an iguana (9 damage)
             ... on level 4 of the Dungeon.
             The game lasted 00:06:10 (2268 turns).

Banquo the Covered (Djinni Fighter)                 Turns: 2268, Time: 00:06:10

Health: -1/40      AC:  3    Str: 15    XL:     5   Next: 43%
Gold:   126        EV: 11    Int: 11    God:
                   SH:  5    Dex: 13

rFire   + + .      SeeInvis .    a - +0 war axe
rCold   x . .      Faith    .    c - +0 buckler
rNeg    . . .      Spirit   .    p - +0 leather armour
rPois   ∞          Reflect  .    (no helmet)
rElec   .          Harm     .    (no cloak)
rCorr   .          Rampage  .    (no gloves)
Will    .....                    (boots unavailable)
Stlth   +                        (no amulet)
HPRegen 0.26/turn                (no ring)
MPRegen 0.00/turn                (no ring)

@: flying
A: sickness immunity, fire resistance 2, cold vulnerability 1, float, innate
caster, HP casting, extra vitality 1
a: no special abilities


You were on level 4 of the Dungeon.
You visited 1 branch of the dungeon, and saw 4 of its levels.

You collected 126 gold pieces.

Inventory:

Hand Weapons
 a - a +0 war axe (weapon)
 f - a +0 spear
 o - a +0 trident
 u - a +1 dagger of freezing
 x - a +0 dagger of venom
 z - a +2 antimagic hand axe
Missiles
 j - 5 poisoned darts (quivered)
Armour
 b - a +0 scale mail
 c - a +0 buckler (worn)
 p - a +0 leather armour (worn)
Jewellery
 s - a ring of magical power
Wands
 t - a wand of iceblast (4)
Scrolls
 e - 2 scrolls of teleportation {unknown}
 g - 2 scrolls of fog {unknown}
 k - 2 scrolls of identify {unknown}
 n - 2 scrolls of enchant weapon {unknown}
 r - a scroll of blinking {unknown}
 w - a scroll of poison {unknown}
 y - a scroll of vulnerability {unknown}
 A - a scroll of enchant armour {unknown}
Potions
 d - a potion of might
 h - 3 potions of curing {unknown}
 i - a potion of invisibility {unknown}
 l - a potion of mutation {unknown}
 m - a potion of flight {unknown}
 q - 2 potions of lignification {unknown}
 v - 2 potions of ambrosia {unknown}


   Skills:
 + Level 3.3 Fighting
 * Level 3.2 Axes
 + Level 3.5 Armour
 + Level 1.1 Dodging
 + Level 3.3 Shields
 * Level 0.5 Spellcasting


You had 2 spell levels left.
You knew the following spells:

 Your Spells              Type           Power      Damage    Failure   Level
a - Shock                 Conj/Air       4%         1d3       41%         1
b - Passwall              Tmut/Erth      0%         N/A       56%         2
Your spell library was empty.

Dungeon Overview and Level Annotations

Branches:
Dungeon (4/15)
 Temple: D:4-7

Altars:
Qazlal
Ru


Innate Abilities, Weirdness & Mutations

You are immune to sickness and miasma.
You are immune to poison.
Your flesh is very heat resistant. (rF++)
You are vulnerable to cold. (rC-)
You float through the air rather than walking.
You learn spells naturally, not from books.
Your magical power is your life essence.
You have superior vitality. (+4 MHP)


Message History

Search for what [Enter for "."]? .
There is a stone staircase leading down here.
You fly downwards.
You hear the hiss of flowing sand.
There is an entrance to an ossuary on this level.
Hurry and find it before the portal is buried!
The endoplasm quivers.
Found a lumpy cyan potion and 12 gold pieces.
There is a stone staircase leading up here.
You fly upwards.
There is a stone staircase leading down here.
There is a stone staircase leading up here.
There is a stone staircase leading down here.
You fly downwards.
You hear the hiss of flowing sand.
There is an entrance to an ossuary on this level.
Hurry and find it before the portal is buried!
Found a stone staircase leading down.
There is a stone staircase leading up here.
You hit the iguana but do no damage. You block the iguana's attack.
The iguana bites you!
You hit the iguana.
The iguana is lightly wounded.
The iguana bites you.
You hit the iguana but do no damage.
The iguana is lightly wounded.
The iguana misses you.
You hit the iguana.
The iguana is moderately wounded.
The iguana bites you! The iguana barely misses you.
You are too injured to fight recklessly!
You are too injured to fight recklessly!
You are too injured to fight recklessly!
You barely miss the iguana.
The iguana is moderately wounded.
You block the iguana's attack.
You closely miss the iguana.
The iguana is moderately wounded.
The iguana bites you!
* * * LOW HITPOINT WARNING * * *
The iguana bites you!
You die...

....##
....8# ....#
...8# #>##
#########
##<......##
#..@......#
#...l......
#..#........
#..#........
##..........
.....###...
##..## #..
..## ..


You could see an iguana.

Vanquished Creatures
  An orc priest (D:3)
  4 adders
  2 worms
  2 dart slugs
  2 orcs (D:3)
  6 bats
  4 endoplasms
  A giant cockroach (D:1)
  4 goblins
  8 hobgoblins
  3 quokkas
  5 ball pythons
  3 frilled lizards
  7 kobolds
  6 rats
58 creatures vanquished.

Notes
Turn   | Place    | Note
-------+----------+-------------------------------------------
     0 | D:1      | Banquo the Djinni Fighter began the quest for the Orb.
     0 | D:1      | Reached XP level 1. HP: 20/20 MP: 0/0
   102 | D:1      | Reached XP level 2. HP: 17/25 MP: 0/0
   126 | D:1      | HP: 1/25 [quokka (2)]
   461 | D:1      | Reached XP level 3. HP: 30/30 MP: 0/0
   461 | D:1      | Learned a level 1 spell: Shock
   749 | D:2      | Reached XP level 4. HP: 5/35 MP: 0/0
  1344 | D:2      | Found a faded altar of an unknown god.
  1600 | D:3      | Found a sacrificial altar of Ru.
  1729 | D:3      | Found a stormy altar of Qazlal.
  1795 | D:3      | Reached XP level 5. HP: 40/40 MP: 0/0
  1795 | D:3      | Learned a level 2 spell: Passwall
  1809 | D:3      | Reached skill level 1 in Dodging
  2224 | D:4      | Noticed a wyvern
  2268 | D:4      | Slain by an iguana

Illustrated notes

Levels and vault maps discovered:
D:1:      dpeg_arrival_arbitrary_c, layout_rooms, minmay_vboxes
D:2:      layout_loops_ring, hellmonk_ecumenical_altar_prayer_group,
          serial_glass, glass_columns_b, glass_columns_b, glass_columns_a,
          glass_columns_b, glass_columns_b, glass_columns_a, glass_columns_b,
          glass_columns_a, chequers_mini_garden
D:3:      layout_loops_ring, grunt_qazlal_sundering, nicolae_ru_awakened_eye
D:4:      minmay_recursive_quarters, layout_cave_pools, kennysheep_mini_moat,
          lemuel_doored_altar, mainiacjoe_overflow_tiny_flanked,
          nicolae_overflow_hidden_temple, mainiacjoe_overflow_alcove_2,
          nicolae_ossuary_entry_giza, supply_closet_lemuel, grunt_ministairs_12,
          hangedman_decor_push, nicolae_elemental_shop

Skill      XL: |  1  2  3  4  5 |
---------------+----------------+-----
Axes           | 2 3 |  3.2
Dodging        | 1 |  1.1
Fighting       | |  3.3
Armour         | |  3.5
Shields        | |  3.3
Spellcasting   | |  0.5

Action                     |  1- 3 |  4- 6 || total
---------------------------+-------+-------++-------
  Melee: War axe           |    88 |    77 ||   165
   Stab: Distracted        |       |     1 ||     1
         Sleeping          |       |     1 ||     1
 Armour: Scale mail        |    51 |       ||    51
         Leather armour    |    14 |    13 ||    27
  Dodge: Dodged            |    39 |    46 ||    85
  Block: Buckler           |    23 |    22 ||    45

Table legend: (Time is in decaauts)
 A = Elapsed time spent in this place.
 B = Non-inter-level travel time spent in this place.
 C = Inter-level travel time spent in this place.
 D = Time resting spent in this place.
 E = Time spent auto-exploring this place.
 F = Levels seen in this place.
 G = Mean time per level.
                   A        B        C        D        E       F      G
               +--------+--------+--------+--------+--------+-----+--------+
         Total |   2338 |   2139 |    199 |     98 |   1478 |   4 |  584.5 |
       Dungeon |   2338 |   2139 |    199 |     98 |   1478 |   4 |  584.5 |
               +--------+--------+--------+--------+--------+-----+--------+

Top non-repeatable levels by time:
     D:2: 908 daAuts
     D:3: 727 daAuts
     D:1: 692 daAuts
     D:4: 10 daAuts
